 Dungeon Crawl Stone Soup version 0.30.0-13-g156ef70053 (webtiles) character file.

Game seed: 1987997202175683352

105 jagang the Conjurer (level 4, -2/32 HPs)
             Began as a Demonspawn Conjurer on May 17, 2023.
             Killed from afar by an orc wizard (8 damage)
             ... with a puff of flame
             ... on level 3 of the Dungeon.
             The game lasted 00:10:25 (1986 turns).

jagang the Conjurer (Demonspawn Conjurer)           Turns: 1986, Time: 00:10:29

Health: -2/32      AC:  7    Str:  8    XL:     4   Next: 54%
Magic:  4/9        EV: 11    Int: 21    God:
Gold:   134        SH:  5    Dex: 11    Spells: 6/9 levels left

rFire   . . .        k - +2 trident (heavy)
rCold   . . .        (no shield)
rNeg    . . .        m - +0 leather armour
rPois   .            g - +0 helmet
rElec   .            (no cloak)
rCorr   .            d - +0 pair of gloves
SInv    .            (no boots)
Will    +....        e - amulet of reflection
Stlth   +            n - ring of willpower
HPRegen 0.25/turn    (no ring)
MPRegen 0.11/turn

%: reflection
@: no status effects
A: thin metallic scales 1, powered by pain 1
a: no special abilities


You were on level 3 of the Dungeon.
You visited 1 branch of the dungeon, and saw 3 of its levels.

You collected 134 gold pieces.

Inventory:

Hand Weapons
 k - a +2 heavy trident (weapon)
Armour
 a - a +0 robe
 c - a +0 chain mail
 d - a +0 pair of gloves (worn)
 g - a +0 helmet (worn)
 m - a +0 leather armour (worn)
Jewellery
 e - an amulet of reflection (around neck)
 n - a ring of willpower (left hand)
Scrolls
 f - 6 scrolls of identify
 i - a scroll of enchant armour {unknown}
 j - 3 scrolls of teleportation {unknown}
 p - a scroll of immolation {unknown}
 q - a scroll of amnesia {unknown}
Potions
 b - a potion of magic
 h - a potion of curing
 l - 2 potions of degeneration {unknown}
 o - a potion of brilliance {unknown}


   Skills:
 - Level 1.0 Fighting
 + Level 0.2 Armour
 + Level 2.5 Dodging
 - Level 1.7 Stealth
 * Level 3.3 Spellcasting
 + Level 4.4 Conjurations


You had 6 spell levels left.
You knew the following spells:

 Your Spells              Type           Power      Damage    Failure   Level
a - Magic Dart            Conj           88%        1d7       3%          1
b - Searing Ray           Conj           44%        2d6       4%          2

Your spell library contained the following spells:

 Spells                   Type           Power      Damage    Failure   Level
 Dazzling Flash           Conj/Hex       24%        N/A       22%         3
 Lesser Beckoning         Tloc           6%         N/A       26%         2
 Gell's Gravitas          Tloc           3%         N/A       47%         3
 Teleport Other           Tloc           3%         N/A       47%         3
 Fulminant Prism          Conj/Hex       6%         3d6       58%         4
 Iskenderun's Mystic Bla  Conj/Tloc      12%        2d5       58%         4


Dungeon Overview and Level Annotations

Branches:
Dungeon (3/15)

Altars:

Shops:
D:2 [


Innate Abilities, Weirdness & Mutations

You are partially covered in thin metallic scales. (AC +2)
You sometimes gain a little power by taking damage.


Message History

The magic dart hits the orc.
The orc is heavily wounded.
The orc wizard gestures at you while chanting.
The magic dart hits you!
Reach: k) +2 trident (heavy)
Press: ? - help, Dir - move target, f/p - orc
Aim: an orc, wielding a +1 whip of electrocution and wearing a +0 leather armour (heavily wounded, about 44% to evade your +2 heavy trident)
You reach to attack!
You hit the orc.
The orc is severely wounded.
The orc hits you with a +1 whip of electrocution.
The orc attacks as you move away!
The orc hits you with a +1 whip of electrocution.
You are electrocuted!
* * * LOW HITPOINT WARNING * * *
The ball python attacks as you move away!
The ball python closely misses you. The ball python barely misses you.
You block the ball python's attack. x2
The ball python attacks as you move away!
The ball python bites you but does no damage.
The ball python closely misses you.
Casting: Magic Dart (safe; 3% risk of failure)
Confirm with . or Enter, or press ? or * to list all spells.
Aiming: Searing Ray (safe; 4% risk of failure)
Press: ? - help, Shift-Dir - straight line, f/p - orc
Aim: an orc, wielding a +1 whip of electrocution and wearing a +0 leather armour (severely wounded, 78% to hit)
The searing ray hits the ball python!
You kill the ball python!
The searing ray hits the orc.
You kill the orc! (Press . to maintain the ray.)
Casting: Searing Ray (safe; 4% risk of failure)
Confirm with . or Enter, or press ? or * to list all spells.
Aiming: Magic Dart (safe; 3% risk of failure)
Press: ? - help, Shift-Dir - straight line, f - orc wizard
Aim: an orc wizard, wielding a +0 dagger and wearing a +0 robe (100% to hit)
The magic dart hits the orc wizard.
The orc wizard is moderately wounded.
The orc wizard gestures at you while chanting.
The puff of flame hits you!
You die...

#......##........ #..$
..##......# .
#......##......# .#
......# #.....#
######.# ...#.# #.....#
#......# #o..######.##
#......#
#...o.###.######......#
#.##..........'......#
#.o.†@......###......#
#######..##.# #......#
##....# #......#
###..######.#.# #...#
#...#.. ##..# #.#####
#..###....).
#...........
####.....###


You could see an orc wizard and an orc.

Vanquished Creatures
  An orc wizard (D:2)
  2 adders
  A worm (D:2)
  4 orcs
  3 endoplasms
  2 giant cockroaches (D:1)
  4 goblins
  6 hobgoblins
  3 jackals
  3 quokkas (D:1)
  3 ball pythons
  5 bats
  5 frilled lizards
  3 kobolds
  11 rats
56 creatures vanquished.

Notes
Turn   | Place    | Note
-------+----------+-------------------------------------------
     0 | D:1      | jagang the Demonspawn Conjurer began the quest for the Orb.
     0 | D:1      | Reached XP level 1. HP: 13/13 MP: 3/3
   224 | D:1      | Gained mutation: You are partially covered in thin metallic
                  | scales. (AC +2) [demonic ancestry]
   224 | D:1      | Reached XP level 2. HP: 19/19 MP: 0/5
   539 | D:1      | Learned a level 2 spell: Searing Ray
   964 | D:2      | You fall into a shaft and drop 1 floor!
  1030 | D:3      | Gained mutation: You sometimes gain a little power by
                  | taking damage. [demonic ancestry]
  1030 | D:3      | Reached XP level 3. HP: 24/24 MP: 5/7
  1339 | D:2      | Found Destiull's Armour Shoppe.
  1409 | D:2      | Reached skill level 1 in Fighting
  1409 | D:2      | Reached XP level 4. HP: 32/32 MP: 0/8
  1986 | D:3      | Killed from afar by an orc wizard

Illustrated notes

Levels and vault maps discovered:
D:1:      lemuel_arrival_broad_hall, layout_basic,
          wander_ebering_terrifying_dragon_lair
D:2:      layout_rooms, serial_shops, nicolae_shop_window_shopping,
          kennysheep_generic_room_16
D:3:      layout_basic

Skill      XL: |  1  2  3 |
---------------+----------+-----
Dodging        | 2 |  2.5
Spellcasting   | 3 |  3.3
Fighting       | 1 |  1.0
Armour         | |  0.2
Stealth        | |  1.7
Conjurations   | |  4.4

Action                     |  1- 3 |  4- 6 || total
---------------------------+-------+-------++-------
  Melee: Unarmed           |     6 |       ||     6
         Trident           |    27 |    10 ||    37
   Cast: Magic Dart        |    76 |    10 ||    86
         Searing Ray       |     1 |     2 ||     3
    Use: Scroll            |     1 |       ||     1
   Stab: Sleeping          |     1 |       ||     1
 Armour: Robe              |     7 |       ||     7
         Leather armour    |    12 |    10 ||    22
  Dodge: Dodged            |    27 |     5 ||    32
  Block: Other             |     8 |     6 ||    14
